AoeStats
← rafa

Arabia

509740512Analyzed
1v1 RM · 4d ago on Sep 27, 2026· 55m 31s· 2 players
Game mode
Random Map
Map size
Tiny (2 player)
Population
200
Speed
Normal
Resources
Standard
Victory
Conquest
Starting age
Dark Age
Ending age
Imperial Age
RankedLock teamsTeams togetherTeam positionsShared explorationLock speedFull tech treeHidden civsTurbo modeCheats
Victory
Defeat
🇮🇳 Goths · India
1191
+14
🇦🇷 Magyars · Argentina
1147
-14
rafa
10:35 Feudal Age
11:52 Double-Bit Axe
16:39 Bloodlines
16:37 Scale Barding Armor
17:31 Horse Collar
23:54 Castle Age
22:18 Fletching
24:21 Light Cavalry
29:06 Chain Barding Armor
29:19 Gold Mining
30:07 Bodkin Arrow
43:50 Wheelbarrow
48:38 Wheelbarrow
48:51 Corvinian Army
52:24 Padded Archer Armor
lodhaaashish
1:16 Loom
10:07 Feudal Age
10:39 Horse Collar
11:30 Man-at-Arms
13:49 Forging
13:40 Scale Mail Armor
22:30 Castle Age
21:47 Double-Bit Axe
23:34 Squires
22:58 Pikeman
24:36 Chain Mail Armor
29:39 Iron Casting
35:16 Bow Saw
35:12 Heavy Plow
37:07 Town Watch
39:52 Anarchy
39:54 Fletching
39:42 Long Swordsman
41:02 Wheelbarrow
48:39 Imperial Age
46:37 Hand Cart
46:44 Town Patrol
47:29 Bodkin Arrow
48:07 Padded Archer Armor
48:58 Halberdier
50:41 Blast Furnace
50:25 Masonry
51:16 Chemistry
49:45 Elite Huskarl
51:01 Conscription
51:07 Two-Handed Swordsman
53:08 Champion
Connection lost

Rejoining the realm…

Still unreachable

The connection could not be restored.

Session expired

The server has moved on; the page needs a fresh start.